 Dungeon Crawl Stone Soup version 0.26-a0-346-g33516b1736 (webtiles) character file.

Game seed: 2100489924379323998

203 KristoblXynda the Ruffian (level 5, -2/50 HPs)
             Began as a Troll Fighter on July 17, 2020.
             Killed by nerve-wracking pain
             ... invoked by Grinder
              (8 damage)
             ... on level 3 of the Dungeon.
             The game lasted 00:04:31 (2064 turns).

KristoblXynda the Ruffian (Troll Fighter)           Turns: 2064, Time: 00:04:32

Health: -2/50      AC:  6    Str: 24    XL:     5   Next: 51%
Magic:  4/4        EV:  9    Int:  5    God:
Gold:   92         SH:  9    Dex:  9    Spells: 4/4 levels left

rFire    . . .     SeeInvis .     - Unarmed
rCold    . . .     Faith    .   b - +0 kite shield
rNeg     . . .     Spirit   .   a - +0 robe
rPois    .         Reflect  .   (helmet restricted)
rElec    .         Harm     .   (no cloak)
rCorr    .                      (gloves unavailable)
MR       .....                  (boots unavailable)
Stlth    +.........             (no amulet)
HPRegen  0.56/turn              (no ring)
MPRegen  0.09/turn              (no ring)

@: flying
A: large, unfitting armour, claws 3, regeneration 1, shaggy fur 1, tough skin 3
a: no special abilities


You were on level 3 of the Dungeon.
You visited 1 branch of the dungeon, and saw 3 of its levels.

You collected 92 gold pieces.

Inventory:

Armour
 a - a +0 robe (worn)
 b - a +0 kite shield (worn)
Jewellery
 h - an uncursed ring of resist corrosion
Scrolls
 d - a scroll of immolation {unknown}
 f - a scroll of enchant armour {unknown}
 g - 2 scrolls of teleportation {unknown}
 i - a scroll of enchant weapon {unknown}
 k - a scroll of identify {unknown}
 l - a scroll of fear {unknown}
Potions
 c - a potion of might


   Skills:
 - Level 2.4 Fighting
 + Level 3.6 Dodging
 + Level 3.5 Shields
 + Level 3.6 Unarmed Combat


You had 4 spell levels left.
You didn't know any spells.
Your spell library was empty.

Dungeon Overview and Level Annotations

Branches:
Dungeon (3/15)

Altars:
Ashenzari

Annotations:
D:3 Grinder


Innate Abilities, Weirdness & Mutations

You are too large for most types of armour.
You have claws for hands.
Your natural rate of healing is unusually fast.
You are covered in fur. (AC +1)
You have extremely tough skin. (AC +3)


Message History

Grinder says, "DUCK!"
Grinder gestures at you. Pain shoots through your body!
* * * LOW HITPOINT WARNING * * *
Unknown command.
It was a potion of cancellation.
You feel magically purged.
Unknown command.
You start resting.
Grinder is nearby!
You closely miss Grinder.
Grinder is almost dead.
Grinder drinks a potion.
Grinder is healed!
You closely miss Grinder.
Grinder is moderately wounded.
It was a potion of flight.
You feel very buoyant.
You fly up into the air.
Grinder gestures at you. Pain shoots through your body!
You die...

..... ... #.# #
###### #######.## #
+.##..# ..#.['...# #
##..##...##.##.###..#
#
#..#.##..#..#5.#.†###
###..#.##...##.###..#
#.(...#.##.@#†)#..###
###..#..#.##.5.###..#
#
#..##.#.(#.##..#..###
#
###..##.#..#.#####..#
#
#..#####.#..#.##..###
#
###..#..##.#..#)##..#
#
#..###)†.##.#.(#†.###
###.†#.)#†.##.#.....#
#..###.##...##.#..###


You could see Grinder.

Vanquished Creatures
  An orc priest (D:3)
  Robin (D:2)
  A gnoll (D:3)
  4 adders
  An ooze (D:1)
  3 worms (D:3)
  A dart slug (D:3)
  4 leopard geckos
  5 orcs (D:3)
  4 giant cockroaches
  13 goblins
  13 hobgoblins
  12 jackals
  A quokka (D:2)
  A ball python (D:1)
  5 bats
  4 frilled lizards
  7 kobolds
  7 rats
88 creatures vanquished.

Notes
Turn   | Place    | Note
-------+----------+-------------------------------------------
     0 | D:1      | KristoblXynda the Troll Fighter began the quest for the
                  | Orb.
     0 | D:1      | Reached XP level 1. HP: 22/22 MP: 0/0
    50 | D:1      | Reached XP level 2. HP: 29/29 MP: 1/1
   171 | D:1      | You fall into a shaft and drop 1 floor!
   200 | D:2      | Noticed Robin
   216 | D:2      | Reached XP level 3. HP: 24/36 MP: 2/2
   255 | D:2      | Killed Robin
   501 | D:2      | Reached XP level 4. HP: 44/44 MP: 3/3
  1652 | D:3      | Reached XP level 5. HP: 49/50 MP: 4/4
  1823 | D:3      | Found a shattered altar of Ashenzari.
  2041 | D:3      | Noticed Grinder
  2057 | D:3      | HP: 2/50 [Grinder/nerve-wracking pain (14)]
  2064 | D:3      | Killed from afar by Grinder

Illustrated notes

Levels and vault maps discovered:
D:1:      lemuel_arrival_behind_the_door_small, layout_basic
D:2:      layout_basic, solitary_fountain, uniq_robin
D:3:      minmay_razor_zed, layout_loops_ring, lemuel_doored_altar, uniq_grinder

Skill      XL: |  1  2  3  4 |
---------------+-------------+-----
Dodging        | 3 |  3.6
Shields        | 3 |  3.5
Unarmed Combat | 3 |  3.6
Fighting       | |  2.4

Action                   |  1- 3 |  4- 6 || total
-------------------------+-------+-------++-------
Melee: Unarmed           |   111 |   164 ||   275
  Use: Potion            |       |     2 ||     2
Armor: Robe              |    50 |    52 ||   102
Dodge: Dodged            |    55 |    58 ||   113
Block: Kite shield       |    69 |    71 ||   140

Table legend:
 A = Non-vault XP
 B = Vault XP
 C = Vault XP percentage of total XP
 D = Non-vault monster count
 E = Vault monster count
 F = Vault count percentage of total count
                 A         B        C        D         E       F
            +---------+---------+-------+---------+---------+-------
      Total |     237 |      53 |  18.3 |      72 |      16 |  18.2
            +---------+---------+-------+---------+---------+-------
        D:1 |      58 |       0 |   0.0 |      31 |       0 |   0.0
        D:2 |      47 |      34 |  42.0 |      13 |      12 |  48.0
        D:3 |     132 |      19 |  12.6 |      28 |       4 |  12.5
            +---------+---------+-------+---------+---------+-------
